AoeStats
← KG4T. anolfo.xxx

Arena

504258659Analyzed
3v3 RM · 27d ago on Sep 4, 2026· 86m 26s· 6 players
Game mode
Random Map
Map size
Normal (6 player)
Population
200
Speed
Normal
Resources
Standard
Victory
Conquest
Starting age
Dark Age
Ending age
Imperial Age
RankedLock teamsTeams togetherTeam positionsShared explorationLock speedFull tech treeHidden civsTurbo modeCheats
Victory
Defeat
🇪🇸 Khmer · Spain
1331
+13
🇵🇪 Vietnamese · Peru
1177
+20
🇧🇪 Ethiopians · Belgium
1096
+23
🇨🇳 Muisca · China
1295
-20
🇵🇪 Teutons · Peru
1270
-19
🇭🇰 Khmer · Hong Kong SAR China
1213
-17
绵绵
9:42 Feudal Age
13:14 Castle Age
11:46 Double-Bit Axe
11:44 Horse Collar
14:38 Loom
15:12 Fervor
15:23 Sanctity
15:30 Gold Mining
16:08 Devotion
21:31 Redemption
22:35 Atonement
26:02 Pikeman
27:01 Scale Mail Armor
31:19 Wheelbarrow
30:33 Town Watch
31:24 Wheelbarrow
39:27 Imperial Age
38:03 Hand Cart
38:20 Chain Mail Armor
38:15 Forging
39:35 Fletching
40:21 Bodkin Arrow
40:10 Crossbowman
40:54 Arbalester
41:36 Bracer
42:39 Chemistry
42:23 Ballistics
42:42 Padded Archer Armor
44:02 Thumb Ring
44:28 Leather Archer Armor
45:04 Block Printing
45:23 Illumination
46:16 Heavy Plow
46:26 Bow Saw
46:53 Gold Shaft Mining
46:08 Stone Mining
47:45 Faith
51:40 Plate Mail Armor
51:21 Forging
62:25 Elite Skirmisher
75:37 Iron Casting
80:45 Capped Ram
81:40 Squires
84:28 Champi Runner
84:52 Elite Temple Guard
85:23 Champi Warrior
Alastor1001
10:58 Feudal Age
16:05 Castle Age
14:16 Double-Bit Axe
14:43 Horse Collar
17:26 Heavy Plow
22:55 Gold Mining
27:15 Imperial Age
25:40 Bow Saw
26:57 Wheelbarrow
27:48 Scale Mail Armor
28:24 Fletching
29:42 Chemistry
29:19 Bodkin Arrow
29:25 Padded Archer Armor
28:48 Pikeman
29:29 Squires
29:14 Gambesons
30:49 Onager
32:01 Forging
32:07 Chain Mail Armor
33:14 Elite Skirmisher
34:26 Chain Mail Armor
36:20 Iron Casting
37:03 Stone Mining
38:07 Crop Rotation
37:18 Halberdier
39:19 Siege Engineers
41:17 Blast Furnace
40:48 Plate Mail Armor
40:41 Conscription
45:24 Ironclad
46:23 Two-Man Saw
46:10 Scale Barding Armor
46:22 Leather Archer Armor
51:18 Ring Archer Armor
51:53 Siege Onager
62:40 Bloodlines
63:37 Crenellations
64:16 Hand Cart
63:47 Loom
71:48 Masonry
stormgoing
11:42 Feudal Age
14:27 Castle Age
12:38 Double-Bit Axe
12:44 Horse Collar
15:32 Wheelbarrow
16:54 Bow Saw
21:27 Gold Mining
22:45 Hand Cart
23:06 Loom
23:58 Heavy Plow
24:32 Stone Mining
28:46 Imperial Age
28:52 Imperial Age
28:57 Heavy Scorpion
31:47 Bloodlines
31:38 Husbandry
31:04 Elite Battle Elephant
33:19 Chemistry
32:39 Ballistics
34:00 Siege Engineers
33:57 Double Crossbow
34:30 Scale Barding Armor
35:18 Gold Shaft Mining
35:55 Chain Barding Armor
35:45 Forging
36:25 Tusk Swords
37:14 Plate Barding Armor
36:53 Masonry
37:18 Conscription
38:03 Iron Casting
41:59 Blast Furnace
43:04 Architecture
43:58 Fletching
46:22 Caravan
48:35 Light Cavalry
49:39 Bodkin Arrow
49:42 Hussar
70:24 Bracer
70:42 Elite Ballista Elephant
80:06 Coinage
80:49 Capped Ram
82:48 Siege Ram
85:48 Banking
MacNewbie
10:08 Feudal Age
12:49 Castle Age
11:11 Double-Bit Axe
11:08 Horse Collar
21:22 Wheelbarrow
24:51 Bloodlines
24:42 Husbandry
26:15 Gold Mining
26:37 Bow Saw
26:29 Heavy Plow
26:46 Hand Cart
31:02 Imperial Age
29:17 Gold Shaft Mining
28:09 Light Cavalry
30:40 Forging
30:36 Scale Barding Armor
33:24 Iron Casting
33:10 Chain Barding Armor
33:28 Ballistics
34:08 Chemistry
34:30 Heavy Scorpion
35:24 Siege Engineers
34:46 Hussar
37:39 Double Crossbow
42:10 Plate Barding Armor
44:19 Blast Furnace
44:16 Conscription
57:50 Caravan
82:23 Fletching
El tigre Abelardo
10:13 Feudal Age
11:24 Double-Bit Axe
13:55 Castle Age
18:41 Horse Collar
21:51 Wheelbarrow
21:27 Town Watch
23:00 Heavy Plow
24:12 Gold Mining
27:37 Imperial Age
26:07 Forging
25:58 Scale Mail Armor
26:26 Bow Saw
27:29 Iron Casting
27:10 Squires
26:57 Arson
27:14 Loom
28:10 Gold Shaft Mining
28:10 Chain Mail Armor
27:50 Halberdier
27:52 Capped Ram
30:08 Two-Man Saw
30:15 Blast Furnace
29:10 Siege Ram
31:28 Chemistry
33:19 Plate Mail Armor
33:38 Ballistics
33:44 Fletching
33:29 Crossbowman
34:14 Thumb Ring
34:40 Bodkin Arrow
34:56 Arbalester
36:29 Bracer
36:29 Padded Archer Armor
42:03 Siege Engineers
52:17 Hand Cart
55:24 Elite Skirmisher
57:06 Leather Archer Armor
58:20 Ring Archer Armor
58:48 Imperial Skirmisher
KG4T. anolfo.xxx
3:50 Loom
10:57 Feudal Age
15:57 Castle Age
14:05 Horse Collar
14:14 Double-Bit Axe
19:33 Wheelbarrow
18:58 Fletching
23:42 Devotion
28:23 Light Cavalry
29:13 Bloodlines
29:32 Stone Mining
29:32 Gold Mining
29:38 Gold Mining
30:08 Hand Cart
30:06 Heavy Plow
33:00 Husbandry
33:37 Scale Barding Armor
34:22 Bow Saw
34:28 Scale Mail Armor
34:38 Forging
34:16 Arson
34:32 Squires
36:02 Stone Shaft Mining
35:43 Chain Mail Armor
39:26 Iron Casting
41:36 Imperial Age
42:19 Chain Barding Armor
41:58 Treadmill Crane
42:30 Fortified Wall
43:40 Two-Man Saw
44:12 Capped Ram
48:31 Plate Barding Armor
48:49 Ballistics
49:32 Chemistry
49:41 Elite Fire Lancer
51:08 Plate Mail Armor
52:18 Town Watch
57:02 Guilds
57:18 Bodkin Arrow
57:48 Ballistics
59:00 Crop Rotation
61:24 Bracer
62:17 Paper Money
62:13 Town Patrol
65:01 Caravan
86:58 Coinage
87:08 Siege Engineers
Connection lost

Rejoining the realm…

Still unreachable

The connection could not be restored.

Session expired

The server has moved on; the page needs a fresh start.